 Dungeon Crawl Stone Soup version 0.32-a0-938-g40ac7a0f4d (webtiles) character file.

Game seed: 12024198234473657089

343 Autsider the Vexing (level 6, -2/43 HPs)
             Began as a Formicid Hexslinger on Apr 15, 2024.
             Killed from afar by Natasha (6 damage)
             ... with a magic dart
             ... on level 3 of the Dungeon.
             The game lasted 00:07:36 (3102 turns).

Autsider the Vexing (Formicid Hexslinger)           Turns: 3102, Time: 00:07:37

Health: -2/43      AC:  4    Str: 13    XL:     6   Next: 88%
Magic:  6/9        EV: 11    Int: 12    God:
Gold:   177        SH:  0    Dex: 18    Spells: 6/9 levels left

rFire   + . .        a - +1 sling
rCold   . . .        (no shield)
rNeg    + . .        c - +0 robe
rPois   .            (helmet unavailable)
rElec   .            w - +0 cloak
rCorr   +            d - +0 pair of gloves
SInv    +            (no boots)
Will    +....        (no amulet)
Stlth   ++           q - ring "Weit" {rF+ rN+ rCorr}
HPRegen 0.27/turn    f - ring of willpower
MPRegen 0.11/turn

%: no passive effects
@: no status effects
A: permanent stasis, dig shafts and tunnels, antennae 3, four strong arms
a: Dig, Shaft Self


You were on level 3 of the Dungeon.
You visited 1 branch of the dungeon, and saw 3 of its levels.

You collected 177 gold pieces.

Inventory:

Hand Weapons
 a - a +1 sling (weapon)
 h - a +0 dagger of venom
Missiles
 r - 17 boomerangs
Armour
 c - a +0 robe (worn)
 d - a +0 pair of gloves (worn)
 w - a +0 cloak (worn)
Jewellery
 e - a ring of wizardry
 f - a ring of willpower (right hand)
 j - a ring of willpower
 m - a ring of flight
 n - a +6 ring of strength
 o - a +5 ring of evasion
 q - the ring "Weit" (left hand) {rF+ rN+ rCorr}
   (You found it on level 2 of the Dungeon)

   [ring of resist corrosion]

   rF+:       It protects you from fire.
   rN+:       It protects you from negative energy.
   rCorr:     It protects you from acid and corrosion.
Wands
 v - a wand of warping (12)
Scrolls
 b - a scroll of poison
 g - a scroll of acquirement {unknown}
 t - a scroll of enchant weapon {unknown}
 u - a scroll of fear {unknown}
 y - 2 scrolls of identify {unknown}
 B - a scroll of immolation {unknown}
Potions
 i - 3 potions of mutation {unknown}
 k - 2 potions of haste {unknown}
 l - a potion of berserk rage {unknown}
 p - a potion of lignification {unknown}
 s - a potion of attraction {unknown}
 x - a potion of resistance {unknown}
 z - a potion of curing {unknown}
 A - a potion of might {unknown}
 C - a potion of cancellation {unknown}


   Skills:
 - Level 1.1 Fighting
 * Level 4.0 Ranged Weapons
 - Level 2.0 Dodging
 + Level 2.8 Stealth
 - Level 2.0 Spellcasting
 * Level 5.6 Hexes
 + Level 2.5 Fire Magic


You had 6 spell levels left.
You knew the following spells:

 Your Spells              Type           Power      Damage    Failure   Level
a - Sigil of Binding      Hex            14%        N/A       9%          3

Your spell library contained the following spells:

 Spells                   Type           Power      Damage    Failure   Level
 Jinxbite                 Hex            28%        N/A       4%          2
 Inner Flame              Hex/Fire       11%        N/A       16%         3
 Cause Fear               Hex            7%         N/A       26%         4
 Dimensional Bullseye     Hex/Tloc       3%         N/A       65%         4
 Death Channel            Necr           0%         N/A       100%        6
 Sculpt Simulacrum        Ice/Alch       0%         N/A       100%        6


Dungeon Overview and Level Annotations

Branches:
Dungeon (3/15)

Altars:

Annotations:
D:2 1 runed translucent door, exclusion: downstairs, Crazy Yiuf
D:3 Natasha


Innate Abilities, Weirdness & Mutations

You cannot be hasted, slowed, berserked, paralysed or teleported.
You can dig through walls and to a lower floor.
You have a pair of large antennae on your head. (SInv)
Your four strong arms can wield two-handed weapons with a shield.


Message History

* * * LOW HITPOINT WARNING * * *
Fire: a) +1 sling
Press: ? - help, Shift-Dir - straight line, f/p - Natasha
Aim: Natasha (heavily wounded, 55% to hit)
You shoot a sling bullet.
The sling bullet closely misses Natasha.
Natasha claws you.
* * * LOW HITPOINT WARNING * * *
Fire: a) +1 sling
Press: ? - help, Shift-Dir - straight line, f/p - Natasha
Aim: Natasha (heavily wounded, 55% to hit)
You shoot a sling bullet. The sling bullet hits Natasha.
Natasha is heavily wounded.
Natasha closely misses you.
Fire: a) +1 sling
Press: ? - help, Shift-Dir - straight line, f/p - Natasha
Aim: Natasha (heavily wounded, 55% to hit)
You shoot a sling bullet. The sling bullet hits Natasha.
Natasha is severely wounded.
Natasha casts a spell at you. You resist with almost no effort.
Fire: a) +1 sling
Press: ? - help, Shift-Dir - straight line, f/p - Natasha
Aim: Natasha (severely wounded, 55% to hit)
You shoot a sling bullet.
The sling bullet hits Natasha but does no damage.
Natasha is severely wounded.
Natasha claws you.
* * * LOW HITPOINT WARNING * * *
Natasha claws you!
* * * LOW HITPOINT WARNING * * *
Fire: a) +1 sling
Press: ? - help, Shift-Dir - straight line, f/p - Natasha
Aim: Natasha (severely wounded, 55% to hit)
You shoot a sling bullet. The sling bullet hits Natasha.
Natasha is severely wounded.
Natasha stares at you and mumbles some strange words.
The magic dart hits you.
You die...
Natasha curls up and begins to purr.

#.........## #.# ##.##
#.)........# #.# #..##
#........^.# #.# ##.###
##.....###.# #.####.....
##.......##.## ##........##
#.........#..###....#######
#>........##........#####..
#.........#....##.####....#
#.........@h#####.####.####
#..........###<.....##.#
##...........#.........####
#.........##......†...)))..
#........÷####...))..######
#.........# #......##
#.........# #......#
#.........# #......#
##.......## ########


You could see Natasha.

Vanquished Creatures
  Sigmund (D:2)
  Jessica (D:3)
  4 gnolls (D:3)
  5 adders
  3 dart slugs
  5 orcs (D:3)
  3 endoplasms
  4 giant cockroaches
  7 goblins
  4 hobgoblins
  5 jackals
  4 quokkas
  5 ball pythons
  2 bats
  A frilled lizard (D:2)
  3 kobolds
  5 rats
62 creatures vanquished.

Notes
Turn   | Place    | Note
-------+----------+-------------------------------------------
     0 | D:1      | Autsider the Formicid Hexslinger began the quest for the
                  | Orb.
     0 | D:1      | Reached XP level 1. HP: 15/15 MP: 2/2
    81 | D:1      | Reached XP level 2. HP: 21/21 MP: 3/3
   172 | D:1      | Reached skill level 4 in Hexes
   184 | D:1      | Found a faded altar of an unknown god.
   886 | D:2      | Reached XP level 3. HP: 26/26 MP: 4/4
   931 | D:2      | Noticed Sigmund
   968 | D:2      | Killed Sigmund
   969 | D:2      | Reached skill level 5 in Hexes
   969 | D:2      | Reached XP level 4. HP: 25/32 MP: 5/7
   969 | D:2      | Reached XP level 5. HP: 29/37 MP: 5/8
  1071 | D:2      | Reached XP level 6. HP: 43/43 MP: 9/9
  1095 | D:2      | Identified the ring "Weit" {rF+ rN+ rCorr}
  1935 | D:2      | Found a runed translucent door.
  1936 | D:2      | Noticed Crazy Yiuf
  1944 | D:2      | Learned a level 3 spell: Sigil of Binding
  2431 | D:3      | Noticed Jessica
  2447 | D:3      | Killed Jessica
  3073 | D:3      | Noticed Natasha
  3102 | D:3      | Killed from afar by Natasha

Illustrated notes

Levels and vault maps discovered:
D:1:      moated_graveyard_arrival, layout_basic,
          hellmonk_ecumenical_altar_inner_sanctum,
          nicolae_concentric_dashed_squares_wild
D:2:      layout_basic, supply_closet_lemuel, hangedman_decor_clover_reticule,
          kennysheep_nub, uniq_sigmund, uniq_crazy_yiuf_cottage
D:3:      layout_rooms, uniq_jessica, uniq_natasha

Skill      XL: |  1  2  3  4  5  6 |
---------------+-------------------+-----
Hexes          | 4 5 |  5.6
Ranged Weapons | 3 4 |  4.0
Dodging        | 2 |  2.0
Stealth        | 2 |  2.8
Spellcasting   | 2 |  2.0
Fire Magic     | 2 |  2.5
Fighting       | |  1.1

Action                     |  1- 3 |  4- 6 || total
---------------------------+-------+-------++-------
   Fire: Sling             |    56 |   186 ||   242
   Cast: Sigil of Binding  |       |     8 ||     8
 Armour: Robe              |     6 |    59 ||    65
  Dodge: Dodged            |    10 |    57 ||    67

Table legend: (Time is in decaauts)
 A = Elapsed time spent in this place.
 B = Non-inter-level travel time spent in this place.
 C = Inter-level travel time spent in this place.
 D = Time resting spent in this place.
 E = Time spent auto-exploring this place.
 F = Levels seen in this place.
 G = Mean time per level.
                   A        B        C        D        E       F      G
               +--------+--------+--------+--------+--------+-----+--------+
         Total |   3155 |   3044 |    111 |    423 |   2030 |   3 | 1051.7 |
       Dungeon |   3155 |   3044 |    111 |    423 |   2030 |   3 | 1051.7 |
               +--------+--------+--------+--------+--------+-----+--------+

Top non-repeatable levels by time:
     D:2: 1487 daAuts
     D:1: 861 daAuts
     D:3: 806 daAuts
